 Dungeon Crawl Stone Soup version 0.24-a0-580-g6a6c3f83c1 (webtiles) character file.

Game seed: 13106243833433322368

56655 Hylith the Blocker (level 14, -8/169 HPs)
             Began as a Gnoll Fighter on Aug 22, 2019.
             Was the Champion of Okawaru.
             Mangled by an ettin
             ... wielding a +0 great mace
              (28 damage)
             ... on level 1 of the Orcish Mines.
             The game lasted 01:00:05 (25631 turns).

Hylith the Blocker (Gnoll Fighter)                 Turns: 25631, Time: 01:00:06

Health: -8/169     AC: 34    Str: 28      XL:     14   Next: 82%
Magic:  27/27      EV: 13    Int:  3 (12) God:    Okawaru [******]
Gold:   2019       SH: 18    Dex: 14      Spells: 28/31 levels left

rFire    + . .     SeeInvis +   n - +3 whip (venom)
rCold    + . .     Gourm    .   N - +4 shield "Keudid" {-Cast rF+ SInv Stlth+}
rNeg     . . .     Faith    .   X - +2 crystal plate armour
rPois    .         Spirit   .   t - +2 helmet
rElec    .         Reflect  .   u - +2 cloak {MR+}
rCorr    .         Harm     .   J - +0 pair of gloves
MR       ++...     NoCast   +   M - +1 pair of boots
Stlth    ..........             S - amulet of Kacry {+Rage rC+}
HPRegen  0.38/turn              Y - +3 ring of evasion
MPRegen  0.20/turn              C - ring of stealth

@: berserking, studying 2 skills, very quick
A: distributed training, fangs 1, strong nose
a: Heroism, Finesse, Renounce Religion, Evoke Berserk Rage


You were on level 1 of the Orcish Mines.
You worshipped Okawaru.
Okawaru was exalted by your worship.
You were hungry.

You visited 4 branches of the dungeon, and saw 21 of its levels.
You also visited: Sewer, Ossuary and Gauntlet.

You collected 2019 gold pieces.

Inventory:

Hand Weapons
 n - a +3 whip of venom (weapon)
 s - a +2 morningstar of draining
 z - the +3 demon blade "Dephiwu" {flame, rF- Str+8}
   (Okawaru gifted it to you on level 4 of the Lair of Beasts)

   It has been specially enchanted to burn those struck by it, causing extra
   injury to most foes and up to half again as much damage against particularly
   susceptible opponents.
   Big, fiery blades are also staple armaments of hydra-hunters.
   It affects your strength (+8).
   It makes you vulnerable to fire.
Missiles
 H - 2 throwing nets
 K - 3 javelins (quivered)
Armour
 t - a +2 helmet (worn)
 u - a +2 cloak of magic resistance (worn)
 J - a +0 pair of gloves (worn)
 M - a +1 pair of boots (worn)
 N - the +4 shield "Keudid" (worn) {-Cast rF+ SInv Stlth+}
   (You took it off a gnoll sergeant on level 6 of the Dungeon)

   It protects you from fire.
   It lets you see invisible.
   It prevents spellcasting.
   It makes you more stealthy.
 X - a +2 crystal plate armour (worn)
Jewellery
 C - a ring of stealth (right hand)
 S - the amulet of Kacry (around neck) {+Rage rC+}
   (You found it in a Gauntlet)

   [amulet of rage]

   It protects you from cold.
   It lets you go berserk.
 U - an uncursed ring of flight
 Y - a +3 ring of evasion (left hand)
Wands
 b - a wand of random effects (15)
 l - a wand of polymorph (13)
 x - a wand of flame (36)
 B - a wand of clouds (2)
 F - a wand of acid (24)
 G - a wand of paralysis (7)
Scrolls
 g - 6 scrolls of enchant armour
 h - 4 scrolls of fog
 j - 2 scrolls of immolation
 m - 4 scrolls of fear
 p - 6 scrolls of enchant weapon
 r - 13 scrolls of teleportation
 v - a scroll of torment
 w - 4 scrolls of amnesia
 y - 12 scrolls of remove curse
 A - a scroll of blinking
 P - a scroll of magic mapping
 V - 3 scrolls of vulnerability
 W - 3 scrolls of identify
Potions
 a - 4 potions of haste
 c - 2 potions of resistance
 d - 3 potions of might
 e - 2 potions of mutation
 i - 2 potions of flight
 k - a potion of magic
 o - a potion of berserk rage
 q - 7 potions of curing
 E - 3 potions of lignification
 O - 4 potions of heal wounds
 Q - 5 potions of cancellation
 R - 2 potions of brilliance
 T - 3 potions of agility
Books
 D - a manual of Shields
 I - a manual of Staves
Miscellaneous
 Z - a phantom mirror
Comestibles
 f - 27 rations


   Skills:
 + Level 11.3 Fighting
 + Level 9.4 Short Blades
 + Level 9.4 Long Blades
 + Level 9.4 Axes
 + Level 10.4 Maces & Flails
 + Level 9.4 Polearms
 + Level 12.1 Staves
 + Level 9.4 Slings
 + Level 9.4 Bows
 + Level 9.4 Crossbows
 + Level 9.4 Throwing
 + Level 11.3 Armour
 + Level 9.4 Dodging
 + Level 9.4 Stealth
 + Level 12.4 Shields
 + Level 9.4 Unarmed Combat
 + Level 9.4 Spellcasting
 + Level 7.8 Conjurations
 + Level 7.8 Hexes
 + Level 7.8 Charms
 + Level 7.8 Summonings
 + Level 7.8 Necromancy
 + Level 7.8 Translocations
 + Level 7.8 Transmutations
 + Level 7.8 Fire Magic
 + Level 7.8 Ice Magic
 + Level 7.8 Air Magic
 + Level 7.8 Earth Magic
 + Level 7.8 Poison Magic
 + Level 10.2 Invocations
 + Level 9.4 Evocations


You had 28 spell levels left.
You knew the following spells:

 Your Spells              Type           Power        Failure   Level  Hunger
a - Mephitic Cloud        Conj/Pois/Air  #.......     71%         3    ####...

Your spell library contained the following spells:

 Spells                   Type           Power        Failure   Level  Hunger
 Shock                    Conj/Air       #...         34%         1    ##.....
 Summon Butterflies       Summ           #.......     34%         1    ##.....
 Poisonous Vapours        Pois/Air       #.....       47%         2    ###....
 Call Canine Familiar     Summ           #.......     71%         3    ####...
 Conjure Flame            Conj/Fire      #.......     71%         3    ####...
 Summon Ice Beast         Ice/Summ       #.......     98%         4    #####..
 Summon Lightning Spire   Summ/Air       #.......     98%         4    #####..
 Irradiate                Conj/Tmut      #.........   100%        5    ######.
 Summon Mana Viper        Hex/Summ       #.......     100%        5    ######.
 Freezing Cloud           Conj/Ice/Air   #.........   100%        6    #######
 Hydra Form               Tmut           #.........   100%        6    #######
 Ring of Flames           Chrm/Fire      #.........   100%        7    #######
 Summon Hydra             Summ           #.........   100%        7    #######


Dungeon Overview and Level Annotations

Branches:
Dungeon (12/15)            Temple (1/1) D:4            Lair (6/6) D:11
  Swamp (0/4) Lair:4        Snake (0/4) Lair:2        Slime (0/5) Lair:5
    Orc (2/2) D:10          Sewer (visited)         Ossuary (visited)
Gauntlet (visited)
    Elf: Orc:2

Altars:
Ashenzari
Cheibriados
Dithmenos
Elyvilon
Fedhas
Gozag
Hepliaklqana
Kikubaaqudgha
Makhleb
Nemelex Xobeh
Okawaru
Qazlal
Ru
Sif Muna
Trog
Uskayaw
Vehumet
Wu Jian
Xom
Yredelemnul
Zin
The Shining One
Jiyva

Annotations:
Orc:1 1 runed translucent door, exclusions: cyclops, door, 2 orange crystal statues and orc


Innate Abilities, Weirdness & Mutations

Your experience applies equally to all skills.
You have very sharp teeth.
Your uncanny sense of smell can sniff out nearby items.


Message History

* * * LOW HITPOINT WARNING * * *
You block the ettin's attack.
You hit the ettin.
The ettin is lightly wounded.
You whack the ettin!
The ettin is poisoned.
The ettin is moderately wounded.
You thrash the ettin!!
The ettin is severely wounded.
You whack the ettin!
The ettin looks as sick as possible!
The ettin is severely wounded.
The ettin hits you with a +0 great mace!!
* * * LOW HITPOINT WARNING * * *
You block the ettin's attack.
Your crystal plate armour prevents you from hitting the ettin.
The ettin is almost dead.
You hit the ettin.
The ettin looks as sick as possible!
The ettin is almost dead.
You block the ettin's attack.
The ettin hits you with a +0 dire flail!!
You die...

... .... ..... ####### ...
###....)####'#####
#@C.().([..(....'.
####'####.......#
######### #(......#
##...≈≈§≈≈≈≈#.......#§
##.....§≈§§≈≈#.......#≈
#.......≈≈≈≈≈###''§###≈
##........≈§≈≈.§§≈§≈§§.§
##..............≈≈≈§≈§§≈.
##....................§§##


You could see an ettin.

Vanquished Creatures
  A minotaur (Gauntlet)
  4 dire elephants (Lair:6)
  An ettin (Orc:1)
  5 hydras
  An anaconda (Lair:6)
  2 two-headed ogres
  2 large abominations (Gauntlet)
  The ghost of wazuzu the Basher, a novice MiFi of Qazlal (D:6)
  2 orange crystal statues (Orc:1)
  2 oklob plants (Lair:2)
  A stone giant zombie (Orc:1)
  6 black mambas
  7 cyclopes (Orc:1)
  A torpor snail (Lair:4)
  A molten gargoyle (Orc:1)
  4 elephants (Lair:6)
  A komodo dragon (shapeshifter) (Gauntlet)
  11 spiny frogs
  2 rime drakes
  4 komodo dragons
  4 polar bears
  A wandering mushroom (Lair:2)
  4 trolls
  A hornet (D:8)
  28 blink frogs
  6 dream sheep (Lair:6)
  5 hippogriffs
  3 small abominations (Gauntlet)
  3 shadows (Gauntlet)
  Sigmund (D:6)
  A wraith (D:12)
  31 yaks
  4 wyverns
  4 basilisks
  A hungry ghost (D:10)
  4 nagas (Lair:2)
  A swamp worm (Lair:4)
  4 wargs (Orc:1)
  A soldier ant (D:10)
  A floating eye (D:8)
  A two-headed ogre zombie (D:10)
  9 porcupines
  14 water moccasins
  5 sky beasts
  5 black bears
  9 orc warriors
  2 phantoms
  4 boggarts (Lair:5)
  15 ogres
  An ice beast (D:12)
  17 wolves
  An eye of draining (D:9)
  14 crocodiles
  5 centaurs
  A crocodile (shapeshifter) (Gauntlet)
  2 big kobolds
  Blork the orc (D:6)
  12 bullfrogs
  2 gnoll sergeants (D:6)
  A wyvern zombie (D:7)
  3 scorpions
  6 killer bees
  4 troll zombies (D:10)
  10 wights
  2 electric eels (Lair:4)
  4 howler monkeys
  3 centaur zombies
  2 crimson imps
  2 bullfrog zombies (D:12)
  A jelly (D:10)
  3 quasits
  2 centaur skeletons
  10 orc wizards
  8 orc priests
  A bullfrog skeleton (D:7)
  7 hounds
  A gnoll shaman (D:6)
  3 iguanas
  7 worker ants
  2 big kobold zombies (Ossuary)
  3 ogre zombies (D:10)
  A hound skeleton (D:4)
  8 mummies (Ossuary)
  17 adders
  7 gnolls (D:6)
  2 shadow imps (D:6)
  7 oozes
  2 adder skeletons
  7 worms
  3 dart slugs
  5 leopard geckos
  61 orcs
  17 bats
  6 giant cockroaches
  A gnoll zombie (Ossuary)
  3 goblins (D:2)
  12 hobgoblins
  14 jackals
  13 kobolds
  5 quokkas
  3 ball pythons
  7 frilled lizards
  2 goblin skeletons (D:10)
  6 goblin zombies
  3 hobgoblin zombies
  3 kobold zombies (Ossuary)
  A leopard gecko skeleton (D:4)
  2 orc skeletons (D:10)
  15 orc zombies
  A quokka zombie (D:8)
  3 rats
  6 plants
615 creatures vanquished.

Vanquished Creatures (others)
  An orc wizard (Orc:1)
  11 fungi
  10 plants
22 creatures vanquished.

Grand Total: 637 creatures vanquished

Notes
Turn   | Place    | Note
-------+----------+-------------------------------------------
     0 | D:1      | Hylith the Gnoll Fighter began the quest for the Orb.
     0 | D:1      | Reached XP level 1. HP: 23/23 MP: 1/1
    90 | D:1      | Reached XP level 2. HP: 22/29 MP: 2/2
   546 | D:1      | Reached XP level 3. HP: 33/35 MP: 3/3
   750 | D:2      | Reached skill level 1 in Invocations
   868 | D:2      | Found a faded altar of an unknown god.
  1055 | D:2      | Reached skill level 1 in Short Blades
  1055 | D:2      | Reached skill level 1 in Long Blades
  1055 | D:2      | Reached skill level 1 in Axes
  1055 | D:2      | Reached skill level 1 in Polearms
  1055 | D:2      | Reached skill level 1 in Staves
  1055 | D:2      | Reached skill level 1 in Slings
  1055 | D:2      | Reached skill level 1 in Bows
  1055 | D:2      | Reached skill level 1 in Crossbows
  1055 | D:2      | Reached skill level 1 in Throwing
  1055 | D:2      | Reached skill level 1 in Dodging
  1055 | D:2      | Reached skill level 1 in Stealth
  1055 | D:2      | Reached skill level 1 in Unarmed Combat
  1055 | D:2      | Reached skill level 1 in Spellcasting
  1055 | D:2      | Reached skill level 1 in Evocations
  1055 | D:2      | Reached XP level 4. HP: 41/41 MP: 5/5
  1366 | D:3      | Reached skill level 1 in Conjurations
  1366 | D:3      | Reached skill level 1 in Hexes
  1366 | D:3      | Reached skill level 1 in Charms
  1366 | D:3      | Reached skill level 1 in Summonings
  1366 | D:3      | Reached skill level 1 in Necromancy
  1366 | D:3      | Reached skill level 1 in Translocations
  1366 | D:3      | Reached skill level 1 in Transmutations
  1366 | D:3      | Reached skill level 1 in Fire Magic
  1366 | D:3      | Reached skill level 1 in Ice Magic
  1366 | D:3      | Reached skill level 1 in Air Magic
  1366 | D:3      | Reached skill level 1 in Earth Magic
  1366 | D:3      | Reached skill level 1 in Poison Magic
  1434 | D:3      | Reached XP level 5. HP: 47/47 MP: 6/6
  2346 | D:3      | Reached XP level 6. HP: 19/53 MP: 8/8
  2355 | D:3      | Reached skill level 5 in Maces & Flails
  2677 | D:4      | Found a staircase to the Ecumenical Temple.
  2695 | D:4      | Reached XP level 7. HP: 45/59 MP: 10/10
  2717 | Temple   | Entered the Ecumenical Temple
  3210 | D:5      | Entered Level 5 of the Dungeon
  3213 | D:5      | Found a glowing drain.
  3240 | Sewer    | Entered a sewer
  3839 | D:5      | Reached XP level 8. HP: 64/67 MP: 12/12
  4696 | D:5      | Found a shimmering blue altar of Sif Muna.
  4696 | D:5      | Found a sacrificial altar of Ru.
  5020 | D:6      | Noticed Sigmund
  5028 | D:6      | Killed Sigmund
  5136 | D:6      | Reached XP level 9. HP: 63/72 MP: 14/14
  5236 | D:6      | Found a transporter.
  5248 | D:6      | Found a transporter.
  5250 | D:6      | Identified the +1 spear "Oreyteg" {vamp, rN+ MP+9 Str-2
                  | Int+8}
  5250 | D:6      | Identified the cursed +0 scale mail of the Kettle-Drum
                  | {rPois Int-2 Slay+2}
  5250 | D:6      | Identified the +4 shield "Keudid" {-Cast rF+ SInv Stlth+}
  5658 | D:6      | Noticed Blork the orc
  5663 | D:6      | Killed Blork the orc
  5735 | D:6      | Noticed wazuzu's ghost (novice MiFi)
  6099 | D:6      | Killed wazuzu's ghost
  6456 | D:7      | Reached skill level 5 in Invocations
  6517 | D:7      | Found a bloodstained altar of Trog.
  6518 | D:7      | Got a warped leather armour
  6529 | D:7      | Identified the +2 leather armour "Gak Ewka" {Int+2} (You
                  | found it on level 7 of the Dungeon)
  6640 | D:7      | Reached skill level 5 in Staves
  6640 | D:7      | Reached XP level 10. HP: 59/80 MP: 17/17
  7108 | D:7      | Found an iron altar of Okawaru.
  7110 | D:7      | Found a burning altar of Makhleb.
  7116 | D:7      | Found an ancient bone altar of Kikubaaqudgha.
  7163 | D:7      | Became a worshipper of Warmaster Okawaru
  7368 | D:8      | Noticed a two-headed ogre
  7372 | D:8      | a two-headed ogre changed into a floating eye
  7375 | D:8      | Paralysed by a floating eye for 3 turns
  7397 | D:8      | Reached skill level 5 in Short Blades
  7397 | D:8      | Reached skill level 5 in Long Blades
  7397 | D:8      | Reached skill level 5 in Axes
  7397 | D:8      | Reached skill level 5 in Polearms
  7397 | D:8      | Reached skill level 5 in Slings
  7397 | D:8      | Reached skill level 5 in Bows
  7397 | D:8      | Reached skill level 5 in Crossbows
  7397 | D:8      | Reached skill level 5 in Throwing
  7397 | D:8      | Reached skill level 5 in Dodging
  7397 | D:8      | Reached skill level 5 in Stealth
  7397 | D:8      | Reached skill level 5 in Unarmed Combat
  7397 | D:8      | Reached skill level 5 in Spellcasting
  7397 | D:8      | Reached skill level 5 in Evocations
  7430 | D:8      | Found a sand-covered staircase.
  7437 | Ossuary  | Entered an ossuary
  7920 | D:8      | Reached * piety under Okawaru
  8427 | D:9      | Reached ** piety under Okawaru
  8531 | D:9      | Noticed a two-headed ogre
  8546 | D:9      | Killed a two-headed ogre
  8546 | D:9      | Reached XP level 11. HP: 70/87 MP: 19/19
  9015 | D:10     | Entered Level 10 of the Dungeon
  9111 | D:10     | You fall into a shaft and drop 2 floors!
  9173 | D:12     | Reached *** piety under Okawaru
  9270 | D:12     | Reached skill level 5 in Conjurations
  9270 | D:12     | Reached skill level 5 in Hexes
  9270 | D:12     | Reached skill level 5 in Charms
  9270 | D:12     | Reached skill level 5 in Summonings
  9270 | D:12     | Reached skill level 5 in Necromancy
  9270 | D:12     | Reached skill level 5 in Translocations
  9270 | D:12     | Reached skill level 5 in Transmutations
  9270 | D:12     | Reached skill level 5 in Fire Magic
  9270 | D:12     | Reached skill level 5 in Ice Magic
  9270 | D:12     | Reached skill level 5 in Air Magic
  9270 | D:12     | Reached skill level 5 in Earth Magic
  9270 | D:12     | Reached skill level 5 in Poison Magic
  9642 | D:10     | Found a staircase to the Orcish Mines.
 10169 | D:10     | Got an ivory flail
 10170 | D:10     | Identified the cursed +0 flail of the Sky {holy, rF+} (You
                  | found it on level 10 of the Dungeon)
 10595 | D:11     | Reached **** piety under Okawaru
 10637 | D:11     | Found a staircase to the Lair.
 10972 | D:11     | Noticed a two-headed ogre
 10988 | D:11     | Killed a two-headed ogre
 12184 | Lair:1   | Entered Level 1 of the Lair of Beasts
 12524 | Lair:1   | Reached XP level 12. HP: 55/96 MP: 22/22
 12710 | Lair:1   | Reached ***** piety under Okawaru
 13530 | Lair:2   | Received a gift from Okawaru
 13824 | Lair:2   | Found a staircase to the Snake Pit.
 13866 | Lair:2   | Noticed a five-headed hydra
 13870 | Lair:2   | Killed a five-headed hydra
 14255 | Lair:2   | Noticed a seven-headed hydra
 14266 | Lair:2   | Got a brightly glowing spear
 14267 | Lair:2   | Identified the +2 spear "Spider's Death Toll" {venom,
                  | +Blink +Inv rElec MR+} (You found it on level 2 of the Lair
                  | of Beasts)
 14390 | Lair:2   | Killed a seven-headed hydra
 14502 | Lair:2   | Noticed an eight-headed hydra
 14508 | Lair:2   | Killed an eight-headed hydra
 14812 | Lair:2   | Got a heavily runed chain mail
 14823 | Lair:2   | Identified the +3 chain mail "Fimuesoe" {Str+4 Dex+3} (You
                  | found it on level 2 of the Lair of Beasts)
 15607 | Lair:2   | Reached skill level 10 in Fighting
 15607 | Lair:2   | Reached skill level 10 in Armour
 15607 | Lair:2   | Reached skill level 10 in Shields
 15721 | Lair:3   | Found a gate leading to a gauntlet.
 15729 | Gauntlet | Entered a Gauntlet
 15729 | Gauntlet | Found a transporter.
 15729 | Gauntlet | Found a transporter.
 15736 | Gauntlet | Found a transporter.
 15750 | Gauntlet | Found a transporter.
 15763 | Gauntlet | Noticed a death scarab
 15764 | Gauntlet | Found a transporter.
 15777 | Gauntlet | Found a transporter.
 15791 | Gauntlet | Noticed a death scarab
 15792 | Gauntlet | Noticed a death scarab
 15795 | Gauntlet | Found a transporter.
 15863 | Gauntlet | Found a transporter.
 15878 | Gauntlet | Found a transporter.
 15880 | Gauntlet | Found a large runed translucent door.
 15881 | Gauntlet | Found a large runed translucent door.
 15882 | Gauntlet | Found a large runed translucent door.
 15882 | Gauntlet | Found a large runed translucent door.
 15893 | Gauntlet | Found a transporter.
 15906 | Gauntlet | Found a transporter.
 15942 | Gauntlet | Found a large runed translucent door.
 15995 | Gauntlet | Found a transporter.
 15995 | Gauntlet | Found a transporter.
 15997 | Gauntlet | Found a large runed translucent door.
 15998 | Gauntlet | Found a large runed translucent door.
 15999 | Gauntlet | Found a large runed translucent door.
 15999 | Gauntlet | Found a large runed translucent door.
 15999 | Gauntlet | Found a runed translucent door.
 16000 | Gauntlet | Found a large runed translucent door.
 16000 | Gauntlet | Found a runed translucent door.
 16001 | Gauntlet | Found a large runed translucent door.
 16001 | Gauntlet | Found a large runed translucent door.
 16001 | Gauntlet | Found a large runed translucent door.
 16002 | Gauntlet | Found a large runed translucent door.
 16002 | Gauntlet | Found a large runed translucent door.
 16003 | Gauntlet | Found a runed translucent gate.
 16003 | Gauntlet | Found a runed translucent gate.
 16005 | Gauntlet | Found a transporter.
 16005 | Gauntlet | Found a transporter.
 16011 | Gauntlet | Noticed a large abomination
 16015 | Gauntlet | Found a transporter.
 16019 | Gauntlet | Found a runed translucent gate.
 16244 | Gauntlet | Found a large runed translucent door.
 16392 | Gauntlet | Killed a large abomination
 16392 | Gauntlet | Reached XP level 13. HP: 73/103 MP: 24/24
 16467 | Gauntlet | Got a twitching ruby amulet
 16469 | Gauntlet | Identified the amulet of Kacry {+Rage rC+} (You found it in
                  | a Gauntlet)
 16734 | Gauntlet | Identified the +10 dagger of Sharkskin {pierce, rElec}
 16734 | Gauntlet | Noticed a minotaur
 16742 | Gauntlet | Killed a minotaur
 16742 | Gauntlet | Reached skill level 10 in Staves
 16918 | Lair:3   | Received a gift from Okawaru
 17679 | Lair:4   | Learned a level 3 spell: Mephitic Cloud
 17689 | Lair:4   | Found a staircase to the Swamp.
 18772 | Lair:4   | Received a gift from Okawaru
 19211 | Lair:4   | Received a gift from Okawaru
 19227 | Lair:4   | Got a faintly glowing demon blade {god gift}
 19229 | Lair:4   | Identified the +3 demon blade "Dephiwu" {flame, rF- Str+8}
                  | (Okawaru gifted it to you on level 4 of the Lair of Beasts)
 19712 | Lair:5   | Found a staircase to the Slime Pits.
 19713 | Lair:5   | Found a viscous altar of Jiyva.
 19809 | Lair:5   | You fall into a shaft and drop 1 floor!
 19809 | Lair:6   | Entered Level 6 of the Lair of Beasts
 20213 | Lair:6   | Reached XP level 14. HP: 111/111 MP: 26/26
 20227 | Lair:6   | Reached ****** piety under Okawaru
 20492 | Lair:6   | Received a gift from Okawaru
 20554 | Lair:6   | Reached skill level 10 in Maces & Flails
 21794 | Lair:6   | Noticed a dire elephant
 21824 | Lair:6   | Killed a dire elephant
 21930 | Lair:6   | Noticed a dire elephant
 21930 | Lair:6   | Noticed a dire elephant
 21995 | Lair:6   | Killed a dire elephant
 21998 | Lair:6   | Killed a dire elephant
 22331 | Lair:6   | Identified the Handbook of Gliding Transmigration
 22389 | Lair:6   | Noticed a dire elephant
 22437 | Lair:6   | Killed a dire elephant
 22867 | Orc:1    | Entered Level 1 of the Orcish Mines
 22881 | Orc:1    | Reached skill level 10 in Invocations
 23201 | Orc:1    | Received a gift from Okawaru
 23726 | Orc:1    | Found a runed translucent door.
 23728 | Orc:1    | Found the +10 large shield of Ignorance {rN+ Int-4}
 24329 | Orc:1    | Found a runed translucent door.
 24855 | Orc:1    | Noticed a stone giant
 24900 | Orc:2    | Entered Level 2 of the Orcish Mines
 25456 | Orc:1    | Received a gift from Okawaru
 25631 | Orc:1    | Mangled by an ettin

Levels and vault maps discovered:
D:1:      psy_arrival_terrarium, layout_basic, minmay_misc_feat_chi,
          minivault_25, wander_ebering_terrifying_dragon_lair
D:2:      layout_rooms, chequers_ecumenical_altar_island, minmay_joined_circles
D:3:      layout_basic
D:4:      layout_basic, temple_pool_b, first_ration
D:5:      layout_rooms, amethyst_overflow_temple_binary, gup_sewer_entry_glass
D:6:      layout_layer_cave, gammafunk_ghost_gnarly_gnolls, uniq_blork_the_orc,
          uniq_sigmund
D:7:      layout_gridville, nicolae_overflow_quartered_altars
D:8:      layout_cave_pools, enter_ossuary_4, special_room [special_room_orc]
D:9:      layout_basic
D:10:     layout_roguey, zombieorc2_lemuel
D:11:     layout_grid_maze, grunt_lair_entry_orc_guard_hut
D:12:     layout_gridville
Temple:   kb_temple_of_zot
Lair:1:   layout_misc_corridors
Lair:2:   layout_cave_pods, minmay_snake_entry_guardpost_small,
          minmay_lair_oklob_chamber
Lair:3:   layout_misc_corridors, gauntlet_entry_generic,
          grunt_forest_stairs_basic, st_stairs_8, grunt_megastairs_2
Lair:4:   layout_gridlike, minmay_swamp_entry_worms, serial_bayou,
          serial_bayou_crossing, serial_bayou_pond_b, serial_bayou_pond_a,
          serial_bayou_pond_a
Lair:5:   layout_gridlike, slime_altar_1, st_stairs_12,
          chequers_serial_rivers_room_b, minivault_11, minivault_26,
          minivault_27, kilobyte_rumbling_trees, serial_bayou_shore_b
Lair:6:   due_jungle_book, layout_regular_city
Orc:1:    giant_chief_lemuel, layout_diamond_mine,
          chequers_guarded_unrand_ignorance
Orc:2:    grunt_orc_tribal_feast, layout_caves, uniq_azrael, uniq_erolcha,
          uniq_nessos

Skill      XL: |  1  2  3  4  5  6  7  8  9 10 11 12 13 14 |
---------------+-------------------------------------------+-----
Invocations    | 1 2 3 4 5 6 7 8 9 10 | 10.2
Short Blades   | 1 2 3 4 5 6 7 8 9 |  9.4
Long Blades    | 1 2 3 4 5 6 7 8 9 |  9.4
Axes           | 1 2 3 4 5 6 7 8 9 |  9.4
Polearms       | 1 2 3 4 5 6 7 8 9 |  9.4
Staves         | 1 2 3 5 6 8 9 11 12 | 12.1
Slings         | 1 2 3 4 5 6 7 8 9 |  9.4
Bows           | 1 2 3 4 5 6 7 8 9 |  9.4
Crossbows      | 1 2 3 4 5 6 7 8 9 |  9.4
Throwing       | 1 2 3 4 5 6 7 8 9 |  9.4
Dodging        | 1 2 3 4 5 6 7 8 9 |  9.4
Stealth        | 1 2 3 4 5 6 7 8 9 |  9.4
Unarmed Combat | 1 2 3 4 5 6 7 8 9 |  9.4
Spellcasting   | 1 2 3 4 5 6 7 8 9 |  9.4
Evocations     | 1 2 3 4 5 6 7 8 9 |  9.4
Conjurations   | 1 2 3 4 5 6 7 |  7.8
Hexes          | 1 2 3 4 5 6 7 |  7.8
Charms         | 1 2 3 4 5 6 7 |  7.8
Summonings     | 1 2 3 4 5 6 7 |  7.8
Necromancy     | 1 2 3 4 5 6 7 |  7.8
Translocations | 1 2 3 4 5 6 7 |  7.8
Transmutations | 1 2 3 4 5 6 7 |  7.8
Fire Magic     | 1 2 3 4 5 6 7 |  7.8
Ice Magic      | 1 2 3 4 5 6 7 |  7.8
Air Magic      | 1 2 3 4 5 6 7 |  7.8
Earth Magic    | 1 2 3 4 5 6 7 |  7.8
Poison Magic   | 1 2 3 4 5 6 7 |  7.8
Maces & Flails | 5 6 7 8 9 10 | 10.4
Fighting       | 7 8 9 10 11 | 11.3
Armour         | 7 8 9 10 11 | 11.3
Shields        | 7 8 9 10 11 12 | 12.4

Action                   |  1- 3 |  4- 6 |  7- 9 | 10-12 | 13-15 || total
-------------------------+-------+-------+-------+-------+-------++-------
Melee: Flail             |    57 |       |       |       |       ||    57
       Bite              |     8 |    10 |    67 |   271 |   286 ||   642
       Whip              |    14 |   136 |   456 |  1500 |  1573 ||  3679
       Demon blade       |       |       |       |       |    33 ||    33
Throw: Javelin           |       |       |       |    13 |    46 ||    59
       Throwing net      |       |       |       |     1 |       ||     1
Evoke: Wand              |       |       |     1 |    12 |    13 ||    26
  Use: Scroll            |       |     8 |     5 |    13 |     4 ||    30
       Potion            |       |     3 |     5 |     2 |     2 ||    12
 Stab: Sleeping          |       |       |       |     4 |       ||     4
       Distracted        |       |       |       |     2 |       ||     2
  Eat: Chunk             |       |     4 |    15 |    18 |    25 ||    62
       Ration            |       |       |       |     6 |     1 ||     7
Armor: Scale mail        |    18 |    33 |    57 |       |       ||   108
       Chain mail        |       |       |    73 |   232 |     3 ||   308
       Plate armour      |       |       |       |   132 |       ||   132
       Crystal plate arm |       |       |       |       |   481 ||   481
Dodge: Dodged            |     9 |    49 |   127 |   303 |   327 ||   815
Block: Shield            |    32 |    65 |   253 |   919 |  1066 ||  2335
       Rpst.: Demon blade |       |       |       |       |     3 ||     3

Table legend:
 A = Non-vault XP
 B = Vault XP
 C = Vault XP percentage of total XP
 D = Non-vault monster count
 E = Vault monster count
 F = Vault count percentage of total count
                 A         B        C        D         E       F
            +---------+---------+-------+---------+---------+-------
      Total |   57463 |   23474 |  29.0 |     422 |     188 |  30.8
            +---------+---------+-------+---------+---------+-------
        D:1 |      37 |       1 |   2.6 |      19 |       1 |   5.0
        D:2 |      35 |      44 |  55.7 |      12 |      12 |  50.0
        D:3 |     401 |       0 |   0.0 |      28 |       0 |   0.0
        D:4 |     490 |       0 |   0.0 |      15 |       0 |   0.0
        D:5 |     776 |      39 |   4.8 |      18 |       3 |  14.3
        D:6 |     822 |    1386 |  62.8 |      26 |      10 |  27.8
        D:7 |    1209 |       0 |   0.0 |      18 |       0 |   0.0
        D:8 |    1147 |     340 |  22.9 |      13 |      27 |  67.5
        D:9 |    2922 |       0 |   0.0 |      33 |       0 |   0.0
       D:10 |    1189 |     868 |  42.2 |      12 |      36 |  75.0
       D:11 |    1174 |     650 |  35.6 |       9 |       5 |  35.7
       D:12 |    3712 |       0 |   0.0 |      36 |       0 |   0.0
     Lair:1 |    2090 |       0 |   0.0 |       9 |       0 |   0.0
     Lair:2 |    7121 |    2249 |  24.0 |      24 |       8 |  25.0
     Lair:3 |    3427 |    1099 |  24.3 |      16 |       2 |  11.1
     Lair:4 |    8535 |     952 |  10.0 |      36 |       3 |   7.7
     Lair:5 |    3291 |    1196 |  26.7 |      20 |       7 |  25.9
     Lair:6 |   16778 |    2756 |  14.1 |      52 |       5 |   8.8
      Orc:1 |    2304 |    7234 |  75.8 |      25 |      15 |  37.5
      Orc:2 |       3 |       0 |   0.0 |       1 |       0 |   0.0
      Sewer |       0 |     114 | 100.0 |       0 |      27 | 100.0
    Ossuary |       0 |     209 | 100.0 |       0 |      16 | 100.0
   Gauntlet |       0 |    4337 | 100.0 |       0 |      11 | 100.0
            +---------+---------+-------+---------+---------+-------
